[Event "FIDE World Cup O12-B 2024"]
[Site "Batumi"]
[Date "2024.06.29"]
[Round "7.1"]
[White "Ibrahimli, Suat"]
[Black "Qu, Haoming"]
[Result "1/2-1/2"]
[ECO "B01"]
[WhiteElo "1852"]
[BlackElo "1877"]
[Annotator "NA RC"]
[PlyCount "61"]
[EventDate "2024.06.23"]
[EventType "swiss"]
[EventCountry "GEO"]
[SourceTitle "playchess.com"]
[Source "ChessBase"]
[SourceQuality "1"]
[TimeControl "5400+30"]

1. e4 d5 2. exd5 Qxd5 3. Nc3 Qd8 4. d4 Nf6 5. Nf3 c6 6. h3 {[%emt 0:06:14] B01: Scandinavian Defence.} Bf5 7. Bf4 e6 8. Bd3 Bxd3 9. Qxd3 Nd5 10. Nxd5 cxd5 11. O-O Nc6 12. c3 Bd6 13. Be3 h6 14. b4 Rc8 15. Nd2 O-O 16. Rac1 Ne7 17. a3 Qd7 18. c4 dxc4 19. Nxc4 Nd5 20. Rfd1 Rc7 21. b5 Rfc8 22. a4 $17 (22. Nxd6 $15 Qxd6 23. Rxc7 Rxc7 (23... Qxc7 24. Rc1 $11) 24. Rc1) 22... Nf4 23. Qf1 Nd5 24. Kh1 Kh8 25. Qd3 b6 26. Bd2 Bf4 27. Rc2 Bxd2 28. Ne5 Qe7 29. Rxc7 Rxc7 30. Qxd2 Qa3 31. Ng4 1/2-1/2

[Event "FIDE World Cup O12-B 2024"]
[Site "Batumi"]
[Date "2024.06.29"]
[Round "7.2"]
[White "Aadik Theophane Lenin"]
[Black "Gabadadze, Gabriel"]
[Result "1/2-1/2"]
[ECO "E12"]
[WhiteElo "1852"]
[BlackElo "1975"]
[Annotator "NA RC"]
[PlyCount "116"]
[EventDate "2024.06.23"]
[EventType "swiss"]
[EventCountry "GEO"]
[SourceTitle "playchess.com"]
[Source "ChessBase"]
[SourceQuality "1"]
[TimeControl "5400+30"]

1. d4 Nf6 2. c4 e6 3. Nf3 b6 4. a3 Bb7 5. Bf4 d5 6. cxd5 exd5 7. Nc3 a6 8. e3 Bd6 9. Bg3 O-O 10. Bd3 h6 11. Ne5 Ne4 12. Nxe4 dxe4 13. Bc4 Bxe5 14. dxe5 Qe7 15. Qg4 b5 16. Bb3 (16. Ba2 $16) 16... c5 (16... Nd7 $1 $11 {remains equal.}) 17. Bc2 Qe6 $14 (17... Nd7 $11) 18. Qh4 Qc4 19. O-O-O b4 20. Rd8 Rxd8 21. Qxd8+ Kh7 22. Qb6 Qb5 23. Qxb5 axb5 24. axb4 cxb4 25. Rd1 Ra1+ 26. Kd2 Rxd1+ 27. Kxd1 Nd7 28. e6 fxe6 29. Bd6 Kg8 30. Bxb4 Bd5 31. Bd6 Nb6 32. b3 Kf7 33. Kd2 Nd7 34. Kc3 e5 35. Kb4 Ke6 36. Bc7 Bc6 37. Bd1 Kd5 38. Be2 g5 39. Bxb5 Bxb5 40. Kxb5 Nc5 41. b4 Nd3 42. Ba5 Nxf2 43. Ka6 Nd3 44. b5 g4 45. Ka7 Nc5 46. Bb4 Nd7 47. b6 Kc4 48. Bd6 Kd3 49. b7 Kxe3 50. Ka6 Kd4 51. Kb5 Kd5 52. b8=Q Nxb8 53. Bxb8 Kd4 54. Kc6 e3 55. Ba7+ Kd3 56. Kd5 e2 57. Bf2 e4 58. h4 h5 1/2-1/2

[Event "FIDE World Cup O12-B 2024"]
[Site "Batumi"]
[Date "2024.06.29"]
[Round "7.3"]
[White "Minkhajdarov, Ruslan"]
[Black "Tatvidze, Davit"]
[Result "1-0"]
[ECO "B39"]
[WhiteElo "1921"]
[BlackElo "2000"]
[Annotator "RC"]
[PlyCount "157"]
[EventDate "2024.06.23"]
[EventType "swiss"]
[EventCountry "GEO"]
[SourceTitle "playchess.com"]
[Source "ChessBase"]
[SourceQuality "1"]
[TimeControl "5400+30"]

1. e4 c5 2. Nf3 Nc6 3. d4 cxd4 4. Nxd4 g6 5. c4 Bg7 6. Be3 Nf6 7. Nc3 Ng4 8. Qxg4 Nxd4 9. Qd1 Ne6 10. Qd2 Qa5 11. Rc1 b6 12. b3 Bb7 13. f3 g5 14. Nd5 Qxd2+ 15. Kxd2 Rc8 16. Be2 Bd4 17. Rhd1 Bc5 18. Bf1 h5 19. Ke2 f6 20. Kf2 Kf7 21. Nc3 Bc6 22. Nb5 a6 23. Nc3 a5 24. Nd5 Rb8 25. Rc2 g4 26. f4 h4 27. Rdd2 g3+ 28. hxg3 hxg3+ 29. Kf3 Rh1 30. Rd1 Bxe3 31. Kxe3 Nc5 32. Rcc1 Rg1 33. Nc3 Rg8 34. Rc2 e6 35. Be2 Rxd1 36. Bxd1 Rh8 37. Bf3 e5 38. f5 d6 39. Rd2 Ke7 40. Rb2 Nd7 41. Rb1 Ba8 42. Ne2 Rg8 43. Rh1 Bc6 44. Rh7+ Kd8 45. Rh3 b5 46. cxb5 Bxb5 47. Rxg3 Rh8 48. Nc3 Bc6 49. Rh3 Rg8 50. Rh7 Kc7 51. Kd3 Rb8 52. g4 Rg8 53. Kc4 Rf8 54. a3 Kc8 55. Nd5 Kb7 56. b4 Ka6 57. Nc3 Nb6+ 58. Kb3 a4+ 59. Kc2 Bd7 60. Be2+ Kb7 61. Bb5 Kc8 62. Bxd7+ Nxd7 63. Nxa4 Rg8 64. Rh4 Kc7 65. Nc3 Kc6 66. Kb3 Rb8 67. Rh6 Rb7 68. Kc4 Nb6+ 69. Kd3 Ra7 70. Rxf6 Rxa3 71. Kc2 Nc4 72. g5 Ne3+ 73. Kd2 Nf1+ 74. Kd3 Ng3 75. Kc4 Ra1 76. b5+ Kd7 77. Kd5 Nh5 78. Rxd6+ Ke7 79. Kxe5 1-0

[Event "FIDE World Cup O12-B 2024"]
[Site "Batumi"]
[Date "2024.06.29"]
[Round "7.4"]
[White "Garakhanov, Shamsi"]
[Black "Martinez Flores, Matias"]
[Result "1-0"]
[ECO "D50"]
[WhiteElo "1884"]
[BlackElo "2080"]
[Annotator "NA RC"]
[PlyCount "113"]
[EventDate "2024.06.23"]
[EventType "swiss"]
[EventCountry "GEO"]
[SourceTitle "playchess.com"]
[Source "ChessBase"]
[SourceQuality "1"]
[TimeControl "5400+30"]

1. d4 d5 2. c4 e6 3. Nc3 Nf6 4. Bg5 Bb4 5. e3 c5 6. Bxf6 {[%emt 0:03:47] D50: Queen's Gambit Declined: Dutch-Peruvian Gambit.} Qxf6 7. cxd5 exd5 8. Bb5+ Bd7 9. Bxd7+ Nxd7 10. Nge2 cxd4 11. exd4 O-O 12. O-O Nb6 13. Qd3 Rac8 14. a3 Bd6 15. b3 Rc6 16. a4 a5 17. Qb5 Bxh2+ 18. Kxh2 Qh4+ 19. Kg1 Rh6 20. f3 (20. Nxd5 $2 Qh2#) 20... Qh2+ 21. Kf2 Qh4+ 22. g3 Qh2+ 23. Ke1 Re6 24. Kd2 (24. Nxd5 Nxd5 (24... Qxg3+ $2 {perishes.} 25. Kd2 $18) 25. Kd2 Nc3 26. Kxc3 Rxe2 $19 (26... Qxe2 27. Qxe2 Rxe2 28. b4 $11)) (24. Qxa5 Rfe8 25. Qb5 Nc4 $11) 24... Rfe8 25. Qd3 Re3 (25... Qh6+ $142 26. f4 Qf6) 26. Qxe3 Rxe3 27. Kxe3 Qh6+ $18 28. Kd3 Qd6 29. Kc2 Nc8 30. Rae1 Ne7 31. g4 Nc6 32. Kb2 h6 33. Rd1 Nb4 34. Rf2 Qe6 35. Rd2 Qe3 36. Nc1 g6 37. Nd1 Qf4 38. Na2 Nc6 39. Ndc3 Nxd4 40. Nxd5 Qg3 41. Nf6+ Kf8 42. Ne4 Qe5 43. Nac3 f5 44. gxf5 gxf5 45. f4 Qg7 46. Nc5 Ke8 47. Rg2 Qc7 48. Rxd4 Qxc5 49. Rd5 Qc6 50. Re2+ Kf7 51. Rxf5+ Kg6 52. Rfe5 Qc7 53. f5+ Kg5 54. f6+ Kg6 55. Re7 Qd8 56. f7 Qf8 57. Rf2 1-0

[Event "FIDE World Cup O12-B 2024"]
[Site "Batumi"]
[Date "2024.06.29"]
[Round "7.5"]
[White "Diaz Guerrero, Jesus Daniel"]
[Black "Zhang, Haoxuan(Zj)"]
[Result "0-1"]
[ECO "B47"]
[WhiteElo "2032"]
[BlackElo "1907"]
[Annotator "RC"]
[PlyCount "118"]
[EventDate "2024.06.23"]
[EventType "swiss"]
[EventCountry "GEO"]
[SourceTitle "playchess.com"]
[Source "ChessBase"]
[SourceQuality "1"]
[TimeControl "5400+30"]

1. e4 c5 2. Nf3 e6 3. d4 cxd4 4. Nxd4 Nc6 5. Nc3 Qc7 6. Ncb5 Qb8 7. Bd3 a6 8. Nxc6 bxc6 9. Nd4 Nf6 10. O-O Qc7 11. Nf3 e5 12. Nh4 d5 13. Qf3 h6 14. h3 Be6 15. Re1 Nd7 16. b3 Bb4 17. Rf1 g6 18. Bb2 Be7 19. Qg3 Bg5 20. Bc1 Bf4 21. Bxf4 exf4 22. Qf3 d4 23. Qe2 Ne5 24. Nf3 Nxf3+ 25. Qxf3 Qe5 26. Rac1 O-O 27. Qe2 a5 28. a4 Rfd8 29. f3 Rab8 30. Rfd1 Rb4 31. Rd2 Rb6 32. Rcd1 c5 33. Bb5 Rbd6 34. Bd3 g5 35. Bc4 Bc8 36. Bd5 Ba6 37. Qe1 Re8 38. Qf2 Rb6 39. Qe1 Kg7 40. Rf2 Rb4 41. Qd2 Rd8 42. Qe1 h5 43. Rc1 c4 44. Rd2 c3 45. Rdd1 Rd6 46. Qf2 Rg6 47. Re1 g4 48. Kh1 Bc8 49. fxg4 hxg4 50. Rg1 Rh6 51. Rcf1 f3 52. Bxf7 Kxf7 53. h4 Qh8 54. g3 Qe5 55. Rd1 Ba6 56. Rge1 Rd6 57. Kg1 Kg6 58. Qh2 Be2 59. Rc1 Kh5 0-1

[Event "FIDE World Cup O12-B 2024"]
[Site "Batumi"]
[Date "2024.06.29"]
[Round "7.6"]
[White "Golikov, Ivan"]
[Black "Batbaatar, Baatar"]
[Result "0-1"]
[ECO "A36"]
[WhiteElo "1723"]
[BlackElo "1724"]
[Annotator "NA RC"]
[PlyCount "124"]
[EventDate "2024.06.23"]
[EventType "swiss"]
[EventCountry "GEO"]
[SourceTitle "playchess.com"]
[Source "ChessBase"]
[SourceQuality "1"]
[TimeControl "5400+30"]

1. c4 Nf6 2. Nc3 g6 3. g3 Bg7 4. Bg2 c5 5. e4 d6 6. Nge2 Nc6 7. d3 O-O 8. O-O a6 9. h3 Rb8 10. a4 Nd4 11. Nxd4 cxd4 12. Ne2 Nd7 13. b4 a5 14. Bd2 axb4 15. Bxb4 Nc5 16. Bxc5 dxc5 17. Qb3 Bd7 18. Rfb1 Bc6 19. Qb6 Qd6 20. f4 e5 21. Rb5 Ra8 22. Ra5 Rxa5 23. Qxa5 f5 24. exf5 Bxg2 25. Kxg2 Qc6+ 26. Kg1 Qf3 27. Qd2 Rxf5 28. Rf1 Qc6 29. fxe5 Rxf1+ 30. Kxf1 Qf3+ 31. Ke1 Qh1+ 32. Kf2 Qh2+ 33. Kf3 Qxh3 34. Nf4 Qh1+ 35. Qg2 Qxg2+ 36. Kxg2 Bxe5 37. Ne6 b6 38. a5 bxa5 39. Nxc5 Bd6 40. Na4 h5 41. c5 Bc7 42. Kf3 Kf7 43. Ke4 Bxg3 44. Kxd4 h4 45. Ke4 h3 46. Kf3 Be5 47. c6 Ke6 48. Nb6 Bc7 49. Nc8 a4 50. Na7 a3 51. Nb5 h2 52. Kg2 h1=Q+ 53. Kxh1 a2 54. Nd4+ Kd5 55. Nc2 Kc5 56. Kg2 Kb5 57. Kf3 Ka4 58. Ke2 Kb3 59. Kd2 Kb2 60. d4 g5 61. d5 g4 62. Nb4 a1=Q 0-1

[Event "FIDE World Cup O12-B 2024"]
[Site "Batumi"]
[Date "2024.06.29"]
[Round "7.7"]
[White "Akhmet, Suleyman"]
[Black "Pirtac, Alexandru"]
[Result "0-1"]
[ECO "A57"]
[WhiteElo "1793"]
[BlackElo "1977"]
[Annotator "NA RC"]
[PlyCount "90"]
[EventDate "2024.06.23"]
[EventType "swiss"]
[EventCountry "GEO"]
[SourceTitle "playchess.com"]
[Source "ChessBase"]
[SourceQuality "1"]
[TimeControl "5400+30"]

1. d4 Nf6 2. c4 g6 3. Nc3 Bg7 4. e4 d6 5. Bd3 O-O 6. Nge2 c5 7. d5 a6 8. O-O b5 9. cxb5 axb5 10. Bxb5 Ba6 11. Bxa6 Nxa6 12. Bf4 {[%emt 0:02:23] A57: Benko/Volga Gambit.} h6 13. Qd2 Kh7 14. Rac1 Qb6 15. Rfd1 Rfb8 16. b3 Nb4 17. e5 Nh5 18. exd6 Nxf4 19. Qxf4 exd6 20. Qxf7 Rf8 21. Qe6 Nxa2 22. Nxa2 Rxa2 23. Qe3 $11 Qd8 24. Rd2 Re8 25. Qd3 Rxd2 26. Qxd2 Qb6 27. Qd3 Qb4 28. g3 Qe4 29. Nf4 Qxd3 30. Nxd3 Rb8 31. Rb1 c4 32. Nc1 Rb5 33. Kf1 c3 34. Nd3 Rxd5 35. Ke2 Rb5 36. Kd1 Ra5 37. Rc1 d5 38. b4 Ra3 39. Rc2 g5 40. g4 Rb3 41. Kc1 Ra3 42. Kb1 Kg8 43. Nc5 Kf7 44. Ra2 c2+ 45. Rxc2 Ra1# 0-1

[Event "FIDE World Cup O12-B 2024"]
[Site "Batumi"]
[Date "2024.06.29"]
[Round "7.8"]
[White "Amreyev, Azat"]
[Black "Kakavand, Ramtin"]
[Result "0-1"]
[ECO "D04"]
[WhiteElo "1704"]
[BlackElo "2059"]
[Annotator "NA RC"]
[PlyCount "94"]
[EventDate "2024.06.23"]
[EventType "swiss"]
[EventCountry "GEO"]
[SourceTitle "playchess.com"]
[Source "ChessBase"]
[SourceQuality "1"]
[TimeControl "5400+30"]

1. d4 d5 2. Nf3 Nf6 3. e3 c5 4. b3 Nc6 5. Bd3 Bg4 6. Bb2 e6 7. a3 Be7 8. O-O O-O 9. Nbd2 a5 10. Qe1 a4 11. Ne5 Bh5 (11... axb3 $15 12. Nxg4 Nxg4) 12. f4 (12. Nxc6 $11 bxc6 13. dxc5) 12... Qb6 13. Kh1 (13. Rb1 $15 {should be considered.}) 13... Rfc8 $2 ({But not} 13... cxd4 14. exd4 axb3 (14... Nxd4 15. Qf2 $16) 15. cxb3 $15) (13... c4 $1 $17 14. Ndxc4 dxc4 15. Nxc4 Qc7) 14. dxc5 Qxc5 $14 (14... Bxc5 $11 {is more appropriate.} 15. b4 Nxe5 (15... Bxe3 16. Nec4 $16) 16. fxe5 Nd7) 15. b4 Qb6 16. c4 Bg6 17. Bxg6 hxg6 18. Rf3 Ne4 19. cxd5 exd5 20. Nxe4 dxe4 21. Rf2 Rd8 22. g3 Nxe5 23. fxe5 Rd3 24. Bd4 Qe6 25. Rc2 Bd8 26. Rc3 Bb6 27. Rxd3 exd3 28. Qc3 Bxd4 29. Qxd4 Qc6+ 30. Kg1 Qc2 31. Rf1 Qb3 32. e6 Qxe6 33. Qxd3 Re8 34. Re1 Qb3 35. Qxb3 axb3 36. Kf2 Ra8 37. Ra1 Kf8 38. a4 Rxa4 39. Rb1 Rxb4 40. Ke2 Ke7 41. Kd3 b2 42. Kc3 Rb6 43. Rxb2 Rxb2 44. Kxb2 Ke6 45. Kc3 Ke5 46. Kd3 b5 47. h3 b4 0-1

[Event "FIDE World Cup O12-B 2024"]
[Site "Batumi"]
[Date "2024.06.29"]
[Round "7.9"]
[White "Ambartsumyan, Yuri"]
[Black "Yusupov, Rauf"]
[Result "1-0"]
[ECO "D41"]
[WhiteElo "1750"]
[BlackElo "1800"]
[Annotator "NA RC"]
[PlyCount "73"]
[EventDate "2024.06.23"]
[EventType "swiss"]
[EventCountry "GEO"]
[SourceTitle "playchess.com"]
[Source "ChessBase"]
[SourceQuality "1"]
[TimeControl "5400+30"]

1. d4 d5 2. c4 e6 3. Nc3 Nf6 4. cxd5 Nxd5 5. e4 Nxc3 6. bxc3 c5 7. Nf3 cxd4 8. cxd4 Nc6 9. Bd3 Bb4+ 10. Bd2 O-O 11. Bxb4 Nxb4 12. Bc4 b5 13. Bb3 Bb7 14. Qe2 Nc6 15. Rd1 Qa5+ 16. Rd2 Rad8 17. O-O Ne7 18. Rfd1 Ng6 19. Qe3 b4 20. h4 Qh5 21. d5 exd5 22. Bxd5 Bxd5 23. Rxd5 Rxd5 24. Rxd5 Qg4 25. Rg5 Qe6 26. h5 Ne7 27. Re5 Qd6 28. h6 gxh6 29. Rh5 Re8 30. e5 Qd1+ 31. Kh2 Ng6 32. Qxh6 Qd5 33. Qxh7+ Kf8 34. Rf5 Qe6 35. Rf6 Qd5 36. Qxg6 Ke7 37. Rxf7+ 1-0

[Event "FIDE World Cup O12-B 2024"]
[Site "Batumi"]
[Date "2024.06.29"]
[Round "7.10"]
[White "Amangeldy, Ramazan"]
[Black "Suleymanov, Askhab"]
[Result "1-0"]
[ECO "C54"]
[WhiteElo "1740"]
[BlackElo "1630"]
[Annotator "NA RC"]
[PlyCount "119"]
[EventDate "2024.06.23"]
[EventType "swiss"]
[EventCountry "GEO"]
[SourceTitle "playchess.com"]
[Source "ChessBase"]
[SourceQuality "1"]
[TimeControl "5400+30"]

1. e4 e5 2. Nf3 Nc6 3. Bc4 Bc5 4. d3 Nf6 5. Bb3 O-O 6. c3 d5 7. Nbd2 dxe4 8. dxe4 Qe7 9. Qe2 b6 10. h3 a5 11. Bc4 Be6 12. Nf1 h6 13. Ng3 Bxf2+ 14. Qxf2 Bxc4 15. Nf5 Qe6 16. Qh4 Ne7 17. Bxh6 Nxf5 18. exf5 Qxf5 19. Bxg7 Kxg7 20. Qxc4 Qe4+ 21. Qxe4 Nxe4 22. O-O f6 23. Rad1 Rad8 24. Nh4 Ng3 25. Rfe1 b5 26. Kh2 Nh5 27. Nf5+ Kf7 28. Ne3 Nf4 29. c4 c6 30. g3 Ne6 31. Nf5 Nd4 32. Nxd4 Rxd4 33. cxb5 cxb5 34. Rxd4 exd4 35. Kg2 Rc8 36. Kf3 Rc2 37. Rb1 Ke6 38. Ke4 Rd2 39. h4 f5+ 40. Kf3 Kd5 41. Kf4 Rf2+ 42. Kg5 d3 43. h5 Ke4 44. h6 d2 45. Rh1 Re2 46. h7 Re1 47. h8=Q d1=Q 48. Rxe1+ Qxe1 49. Qe8+ Kf3 50. Qxe1 b4 51. Kxf5 b3 52. g4 bxa2 53. g5 a4 54. g6 a3 55. g7 axb2 56. Qc3+ Kf2 57. Qc2+ Ke3 58. g8=Q b1=Q 59. Qg3+ Kd4 60. Qgd3# 1-0

[Event "FIDE World Cup O12-B 2024"]
[Site "Batumi"]
[Date "2024.06.29"]
[Round "7.11"]
[White "Cronje, Johannes Christiaan"]
[Black "Chia, Yu Zhe Ashton"]
[Result "0-1"]
[ECO "A20"]
[WhiteElo "1504"]
[BlackElo "2229"]
[Annotator "RC"]
[PlyCount "132"]
[EventDate "2024.06.23"]
[EventType "swiss"]
[EventCountry "GEO"]
[SourceTitle "playchess.com"]
[Source "ChessBase"]
[SourceQuality "1"]
[TimeControl "5400+30"]

1. c4 e5 2. g3 c6 3. Bg2 d5 4. cxd5 cxd5 5. e3 Nc6 6. Ne2 Nf6 7. O-O Be7 8. d4 e4 9. f3 exf3 10. Rxf3 Bg4 11. Rf1 Qd7 12. Nbc3 h5 13. h4 Bd8 14. Bd2 Bc7 15. Be1 Ne7 16. Qd3 O-O 17. Nf4 Bxf4 18. exf4 Nf5 19. Bf2 Qd6 20. Qb5 a6 21. Qc5 Qxc5 22. dxc5 d4 23. Nd5 Nxd5 24. Bxd5 Rab8 25. Be4 Rfd8 26. Bd3 Ne7 27. Rfe1 Kf8 28. Rac1 Nc6 29. a3 Rbc8 30. b4 Na7 31. a4 Nc6 32. Rb1 a5 33. bxa5 Nxa5 34. Rb5 Ra8 35. Reb1 Bf3 36. Be1 Nc6 37. Rxb7 Rxa4 38. Kf2 Bd5 39. R7b6 Ra3 40. Bb5 Ra2+ 41. Kf1 Ne7 42. c6 Nf5 43. Bf2 Rc8 44. Re1 Nd6 45. c7 Nxb5 46. Rb8 Ra8 47. Bxd4 Nxd4 48. Rd1 Bc4+ 49. Kf2 Ne6 50. Rc1 Ba6 51. Ra1 Nxc7 52. Rxc8+ Rxc8 53. Rg1 Nd5 54. Rd1 Rc2+ 55. Kg1 Ne3 56. Re1 Rg2+ 57. Kh1 Rxg3 58. Rxe3 Rxe3 59. Kg2 Ke7 60. Kf2 Re2+ 61. Kf1 Kf6 62. Kg1 Kf5 63. Kf1 Kg4 64. Kg1 Kg3 65. Kf1 Re8+ 66. Kg1 Re1# 0-1

[Event "FIDE World Cup O12-B 2024"]
[Site "Batumi"]
[Date "2024.06.29"]
[Round "7.12"]
[White "Atar, Semih Akif"]
[Black "Khubuluri, Zaal"]
[Result "1/2-1/2"]
[ECO "A36"]
[WhiteElo "1660"]
[BlackElo "1501"]
[Annotator "NA RC"]
[PlyCount "51"]
[EventDate "2024.06.23"]
[EventType "swiss"]
[EventCountry "GEO"]
[SourceTitle "playchess.com"]
[Source "ChessBase"]
[SourceQuality "1"]
[TimeControl "5400+30"]

1. c4 c5 2. g3 Nc6 3. Bg2 g6 4. Nc3 Bg7 5. e4 d6 6. Nge2 Bg4 7. h3 Bd7 8. d3 Nf6 9. O-O O-O 10. Be3 Qc8 11. Kh2 Ne5 12. Nf4 Nc6 13. Rb1 Re8 14. a3 Rb8 15. b4 cxb4 16. axb4 b6 17. b5 Na5 18. Bc1 Bg4 19. f3 Bd7 20. Bb2 e5 21. Nfd5 Nxd5 22. Nxd5 Be6 23. Nb4 Qd7 24. Bc3 Nb7 25. Nc6 Ra8 26. Ra1 1/2-1/2